 Dungeon Crawl Stone Soup version 0.28-a0-1594-ga885d4b3d6 (webtiles) character file.

Game seed: 4086751800289394304

3383 issech the Cudgeller (level 9, -13/88 HPs)
             Began as a Troll Fighter on Jan 21, 2022.
             Was a Priest of Dithmenos.
             Mangled by a red ugly thing (20 damage)
             ... on level 5 of the Dungeon.
             The game lasted 00:42:48 (7246 turns).

issech the Cudgeller (Troll Fighter)                Turns: 7246, Time: 00:42:48

Health: -13/88     AC:  4    Str: 26    XL:     9   Next: 74%
Magic:  8/8        EV: 25    Int:  4    God:    Dithmenos [***...]
Gold:   2361       SH: 10    Dex: 13    Spells: 8/8 levels left

rFire   . . .      SeeInvis +   i - +4 flail (drain)
rCold   . . .      Faith    .   c - +1 kite shield
rNeg    . . .      Spirit   .   b - +0 robe
rPois   +          Reflect  .   (helmet restricted)
rElec   .          Harm     .   (no cloak)
rCorr   .          Rampage  .   (gloves unavailable)
Will    .....                   (boots unavailable)
Stlth   ++........              B - amulet of the acrobat
HPRegen 1.04/turn               p - ring of see invisible
MPRegen 0.11/turn               C - ring of poison resistance

@: acrobatic, wreathed by umbra, studying Spellcasting
A: large, unfitting armour, claws 3, regeneration 1, shaggy fur 1, tough skin 1
a: Renounce Religion, Shadow Step


You were on level 5 of the Dungeon.
You worshipped Dithmenos.
Dithmenos was most pleased with you.
You visited 1 branch of the dungeon, and saw 7 of its levels.
You also visited: Sewer.

You collected 2361 gold pieces.

Inventory:

Hand Weapons
 i - a +4 flail of draining (weapon)
 j - a +0 hunting sling
 l - a +0 shortbow
 q - a +1 antimagic dagger
 r - a +0 short sword of venom
 x - a +0 whip of flaming
 z - a +0 vorpal hand crossbow
 A - the +6 hand axe of Wapn {vorpal, rCorr Str+4 Dex+4}
   (You found it on level 5 of the Dungeon)

   It inflicts extra damage upon your enemies.
   Str:       It affects your strength (+4).
   Dex:       It affects your dexterity (+4).
   rCorr:     It protects you from acid and corrosion.
 G - a +3 hand axe
 N - a +0 short sword of speed
Missiles
 e - a throwing net
 h - 148 stones (quivered)
 w - 52 bolts
 y - 12 poisoned darts
 E - 3 silver boomerangs
 F - 94 arrows
 M - a curare-tipped dart
 Q - 41 sling bullets
 R - 4 atropa-tipped darts
Armour
 b - a +0 robe (worn)
 c - a +1 kite shield (worn)
Jewellery
 f - a ring of wizardry
 p - a ring of see invisible (left claw)
 B - an amulet of the acrobat (around neck)
 C - a ring of poison resistance (right claw)
 K - a ring of protection from fire
 L - a ring of wizardry
 O - a ring of willpower
Wands
 D - a wand of digging (5)
Scrolls
 a - 2 scrolls of blinking
 g - 2 scrolls of noise
 H - a scroll of teleportation
 I - 3 scrolls of vulnerability
 P - a scroll of identify
Potions
 d - 3 potions of might
 k - 3 potions of heal wounds
 m - 2 potions of cancellation
 n - 2 potions of haste
 o - a potion of degeneration
 s - 8 potions of curing
 t - 3 potions of flight
 u - 2 potions of brilliance
 v - a potion of experience
 J - a potion of invisibility
 S - a potion of mutation {unknown}


   Skills:
 + Level 5.3 Fighting
 + Level 7.4 Maces & Flails
 + Level 2.1 Crossbows
 + Level 0.6 Throwing
 + Level 5.6 Dodging
 + Level 1.1 Stealth
 + Level 5.8 Shields


You had 8 spell levels left.
You didn't know any spells.
Your spell library contained the following spells:

 Spells                   Type           Power      Damage    Failure   Level
 Magic Dart               Conj           0%         1d3       77%         1
 Shock                    Conj/Air       0%         1d3       77%         1
 Slow                     Hex            0%         N/A       77%         1
 Sting                    Tmut/Pois      0%         1d3       77%         1
 Blink                    Tloc           0%         N/A       88%         2
 Poisonous Vapours        Pois/Air       0%         N/A       88%         2
 Searing Ray              Conj           0%         2d4       88%         2
 Sublimation of Blood     Necr           0%         N/A       88%         2
 Confusing Touch          Hex            0%         N/A       98%         3
 Conjure Flame            Conj/Fire      0%         6-21      98%         3
 Dazzling Flash           Conj/Hex       0%         N/A       98%         3
 Ignite Poison            Fire/Tmut/Pois 0%         N/A       98%         3
 Lesser Beckoning         Tloc           0%         N/A       98%         3
 Swiftness                Air            0%         N/A       98%         3
 Tukima's Dance           Hex            0%         N/A       98%         3
 Vampiric Draining        Necr           0%         2d6       98%         3
 Airstrike                Air            0%         N/A       100%        4
 Anguish                  Hex/Necr       0%         N/A       100%        4
 Fulminant Prism          Conj/Hex       0%         3d6       100%        4
 Olgreb's Toxic Radiance  Pois           0%         N/A       100%        4
 Petrify                  Tmut/Erth      0%         N/A       100%        4
 Sticky Flame             Conj/Fire      0%         2d3       100%        4
 Agony                    Necr           0%         N/A       100%        5
 Irradiate                Conj/Tmut      0%         3d13      100%        5
 Manifold Assault         Tloc           0%         N/A       100%        5
 Silence                  Hex/Air        0%         N/A       100%        5
 Dispersal                Tloc           0%         N/A       100%        6
 Enfeeble                 Hex            0%         N/A       100%        7
 Disjunction              Tloc           0%         N/A       100%        8


Dungeon Overview and Level Annotations

Branches:
Dungeon (7/15)             Temple (0/1) D:7           Sewer (visited)

Altars:
Dithmenos
Fedhas
Gozag
Vehumet

Shops:
D:6 *


Innate Abilities, Weirdness & Mutations

You are too large for most types of armour.
You have claws for hands.
Your natural rate of healing is unusually fast.
You are covered in fur. (AC +1)
You have tough skin. (AC +1)


Message History

The red ugly thing is lightly wounded.
The red ugly thing engulfs you.
You are engulfed in flames!!
The red ugly thing engulfs you!
You are engulfed in flames!
* * * LOW HITPOINT WARNING * * *
Unknown command.
Blink to where?
Press: ? - help, Dir - move target
As you read the scroll of blinking, it crumbles to dust.
There is an open door, spattered with blood here.
Items here: )) [[ †††.
The red ugly thing closely misses you.
You feel yourself speed up. The red ugly thing barely misses you.
The water moccasin misses you. The red ugly thing closely misses you.
The water moccasin barely misses you. The red ugly thing misses you.
There is an open door, spattered with blood here.
You see here a +0 whip.
There is an open door here.
The red ugly thing barely misses you. The water moccasin closely misses you.
There is a stone staircase leading up here.
The water moccasin bites you but does no damage.
The red ugly thing engulfs you!
You are engulfed in flames!
You climb upwards.
There is a stone staircase leading down here.
The water moccasin misses you. You block the water moccasin's attack.
The red ugly thing completely misses you.
There is a stone staircase leading up here.
The red ugly thing engulfs you!
You are engulfed in flames!
You block the water moccasin's attack.
You climb upwards.
There is a stone staircase leading down here.
The red ugly thing engulfs you.
You are engulfed in flames!!
* * * LOW HITPOINT WARNING * * *
The red ugly thing engulfs you.
* * * LOW HITPOINT WARNING * * *
You are engulfed in flames!!
You die...

##########.####.###...#
#.#
.................##...#
#.#
##########..###..######
#.# ...# ##.###..# #.#
##.########..##..# #.#
##.........#.##..# #.#
##.........#..#..# #.#
##.........##.#..#
#.#####
##.........##...@#
#......
###........###..u#
####### ###........#
#...# ........#.##
#...#
#######.#.#####..#
.................#
#####.###.####..>#
........#....#.###
#####.#.####.#.#


You could see a red ugly thing.

Vanquished Creatures
  Sigmund (D:2)
  A wraith (D:7)
  A shadow (D:6)
  Edmund (D:4)
  2 orc warriors
  2 sky beasts (D:5)
  A black bear (D:7)
  2 ogres
  A necrophage (D:6)
  2 centaurs
  3 kobold brigands
  4 bullfrogs
  5 scorpions
  A wyvern skeleton (D:7)
  A killer bee (D:7)
  A bullfrog zombie (D:7)
  2 jellies
  4 centaur zombies
  3 hounds
  3 bullfrog skeletons
  An orc priest (D:7)
  2 centaur skeletons
  Terence (D:2)
  3 iguanas
  3 orc wizards
  A killer bee zombie (D:7)
  2 hound zombies (D:5)
  A hound skeleton (D:5)
  A howler monkey zombie (D:7)
  A howler monkey skeleton (D:7)
  4 river rats (Sewer)
  7 adders
  4 gnolls (D:4)
  A shadow imp (D:7)
  A white imp (D:6)
  4 ufetubi
  2 worms
  2 dart slugs
  24 orcs
  10 ball pythons
  5 bats
  17 endoplasms
  5 giant cockroaches
  11 goblins
  9 hobgoblins
  A jackal (Sewer)
  21 kobolds
  2 quokkas (D:3)
  A frilled lizard (D:3)
  8 rats
  17 bushes (D:5)
213 creatures vanquished.

Vanquished Creatures (others)
  4 fungi (D:2)
  9 toadstools (D:2)
13 creatures vanquished.

Grand Total: 226 creatures vanquished

Notes
Turn   | Place    | Note
-------+----------+-------------------------------------------
     0 | D:1      | issech the Troll Fighter began the quest for the Orb.
     0 | D:1      | Reached XP level 1. HP: 22/22 MP: 0/0
   208 | D:1      | Reached XP level 2. HP: 29/29 MP: 1/1
   549 | D:1      | Found a faded altar of an unknown god.
   792 | D:2      | Noticed Terence
   809 | D:2      | Killed Terence
   810 | D:2      | Reached skill level 2 in Maces & Flails
   810 | D:2      | Reached XP level 3. HP: 10/37 MP: 2/2
  1287 | D:2      | Reached XP level 4. HP: 45/45 MP: 3/3
  2007 | D:2      | Identified a scroll of acquirement
  2007 | D:2      | Acquired 1235 gold pieces
  2081 | D:3      | Noticed Sigmund
  2089 | D:2      | Reached XP level 5. HP: 52/53 MP: 4/4
  2107 | D:2      | Killed Sigmund
  2108 | D:2      | Reached skill level 3 in Maces & Flails
  2108 | D:2      | Reached XP level 6. HP: 55/61 MP: 5/5
  2278 | D:3      | Found a shadowy altar of Dithmenos.
  2388 | D:3      | Found a glowing drain.
  2392 | Sewer    | Entered a sewer
  2564 | Sewer    | Reached skill level 4 in Maces & Flails
  2671 | Sewer    | Found a white marble altar of Elyvilon.
  2885 | D:3      | Became a worshipper of Dithmenos the Shadowed
  3038 | D:3      | Reached XP level 7. HP: 68/68 MP: 6/6
  3400 | D:4      | Reached skill level 1 in Crossbows
  3547 | D:4      | Reached * piety under Dithmenos
  3744 | D:4      | Found a radiant altar of Vehumet.
  4014 | D:4      | Noticed Edmund
  4067 | D:4      | Killed Edmund
  4068 | D:4      | Reached XP level 8. HP: 22/73 MP: 7/7
  4407 | D:4      | Acquired 735 gold pieces
  4429 | D:5      | Entered Level 5 of the Dungeon
  4441 | D:5      | Reached skill level 5 in Maces & Flails
  4607 | D:5      | Found a blossoming altar of Fedhas.
  5290 | D:5      | Identified the +6 hand axe of Wapn {vorpal, rCorr Str+4
                  | Dex+4}
  5354 | D:5      | Reached skill level 6 in Maces & Flails
  5359 | D:5      | Reached skill level 5 in Shields
  5756 | D:6      | Found Ojusy's Gadget Gallery.
  5766 | D:6      | Reached ** piety under Dithmenos
  6145 | D:6      | Found an opulent altar of Gozag.
  6195 | D:6      | Reached XP level 9. HP: 77/85 MP: 8/8
  6418 | D:6      | Reached skill level 1 in Stealth
  6593 | D:7      | Reached skill level 5 in Dodging
  6597 | D:7      | Found a staircase to the Ecumenical Temple.
  6786 | D:7      | Reached skill level 5 in Fighting
  6967 | D:7      | Reached skill level 7 in Maces & Flails
  7127 | D:7      | Reached *** piety under Dithmenos
  7180 | D:7      | Noticed a red ugly thing
  7246 | D:5      | Mangled by a red ugly thing

Illustrated notes

Levels and vault maps discovered:
D:1:      mrwooster_arrival_statue, layout_loops_ring,
          shapermc_ecumenical_altar_acropolis
D:2:      cheibrodos_fertilizer, layout_basic, minmay_goblin_outpost,
          uniq_sigmund, uniq_terence
D:3:      minmay_bubble_buster, layout_rooms, overflow_temple_1_default,
          gup_sewer_entry_bowl, st_stairs_12
D:4:      layout_loops_ring, mainiacjoe_overflow_brackets, st_stairs_8,
          uniq_edmund
D:5:      layout_basic, fedhas_bush_and_centaur_altar
D:6:      layout_loops_cross, grunt_gozag_statues, nicolae_shop_gadgets
D:7:      minmay_slanted_spiral_squares, layout_rooms,
          mainiacjoe_overflow_alcove_2, mainiacjoe_overflow_chevrons,
          minmay_temple_entry_offerings, minmay_manual_moon

Skill      XL: |  1  2  3  4  5  6  7  8  9 |
---------------+----------------------------+-----
Fighting       | 3 4 5 |  5.3
Maces & Flails | 2 3 4 6 7 |  7.4
Dodging        | 3 4 5 |  5.6
Shields        | 3 4 5 |  5.8
Crossbows      | 1 2 |  2.1
Stealth        | 1 |  1.1
Throwing       | |  0.6

Action                   |  1- 3 |  4- 6 |  7- 9 || total
-------------------------+-------+-------+-------++-------
Melee: Flail             |    53 |       |   632 ||   685
       Mace              |    37 |    88 |       ||   125
       Whip              |       |    96 |   173 ||   269
 Fire: Hand crossbow     |       |    11 |    19 ||    30
Throw: Stone             |       |     8 |       ||     8
  Use: Scroll            |       |     3 |    18 ||    21
       Potion            |       |       |     2 ||     2
 Stab: Distracted        |       |       |     1 ||     1
       Sleeping          |       |       |     1 ||     1
Armor: Robe              |    55 |    45 |    85 ||   185
Dodge: Dodged            |    53 |    82 |   228 ||   363
Block: Kite shield       |    66 |   119 |   226 ||   411

Table legend: (Time is in decaauts)
 A = Elapsed time spent in this place.
 B = Non-inter-level travel time spent in this place.
 C = Inter-level travel time spent in this place.
 D = Time resting spent in this place.
 E = Time spent auto-exploring this place.
 F = Levels seen in this place.
 G = Mean time per level.
                   A        B        C        D        E       F      G
               +--------+--------+--------+--------+--------+-----+--------+
         Total |   7575 |   7372 |    203 |    249 |   2659 |   8 |  946.9 |
       Dungeon |   7168 |   6965 |    203 |    232 |   2584 |   7 | 1024.0 |
         Sewer |    407 |    407 |      0 |     17 |     75 |   1 |  407.0 |
               +--------+--------+--------+--------+--------+-----+--------+

Top non-repeatable levels by time:
     D:5: 1395 daAuts
     D:2: 1375 daAuts
     D:4: 1144 daAuts
     D:6: 914 daAuts
     D:3: 853 daAuts
     D:1: 806 daAuts
     D:7: 678 daAuts
   Sewer: 407 daAuts
